Map: Abiogenesis LE

Players

Honor - Winner!

  • Race: Terran Terran
  • League: Master
  • Spawn Location: 5:00

A.I. 1 (Elite)

  • Race: Zerg Zerg
  • Spawn Location: 11:00

VOD

Have the link to the VOD?

Description

Time

  • Played on: March 15, 2018, 7:55 a.m.
  • Length: 8:03
Show
View Real Time Build Order
Export as new Build Order

Honor Terran - Winner!

Build Orders: MMM Bio 

Get SALT Encoding   

  12  0:01  SCV  
  13  0:13  SCV  
  14  0:17  Supply Depot  
  14  0:25  SCV  
  15  0:39  SCV, Barracks  
  16  0:45  Refinery  
  16  0:51  SCV  
  17  1:03  SCV  
  18  1:15  SCV  
  19  1:27  Barracks Reactor  
  19  1:28  Orbital Command  
  19  1:45  Command Center  
  19  1:53  Supply Depot  
  19  1:57  SCV  
  20  2:04  Marine x2  
  22  2:09  SCV  
  23  2:21  Marine, SCV  
  23  2:22  Marine  
  26  2:27  Barracks  
  26  2:33  SCV  
  27  2:37  Barracks  
  27  2:39  Marine  
  27  2:41  Marine  
  29  2:46  SCV  
  30  2:56  Orbital Command  
  30  2:58  Marine, SCV  
  32  2:59  Marine  
  33  3:10  SCV  
  34  3:16  Supply Depot, Barracks Tech Lab  
  34  3:20  Marine x2  
  34  3:22  SCV  
  34  3:26  Barracks Reactor  
  37  3:36  Stimpack  
  37  3:37  Marine, Marauder  
  37  3:38  Marine  
  41  3:46  Barracks  
  41  3:49  Barracks  
  41  3:55  Marine x2  
  41  3:58  Supply Depot, Marauder  
  45  4:03  Marine x2  
  47  4:13  Marine x2  
  47  4:16  Supply Depot  
  49  4:19  Marauder  
  49  4:21  Supply Depot  
  51  4:29  Marine x2  
  51  4:31  Marine x2  
  55  4:38  Barracks Tech Lab  
  55  4:39  Barracks Reactor  
  55  4:41  Marauder  
  55  4:43  Supply Depot  
  57  4:47  Marine x2  
  57  4:49  Marine x2  
  61  4:58  Combat Shields  
  63  5:00  Marauder  
  63  5:02  Marauder  
  63  5:04  Marine  
  63  5:05  Marine  
  63  5:06  Marine  
  63  5:07  Supply Depot, Marine  
  69  5:16  Marine  
  69  5:18  Marine  
  73  5:21  Marauder  
  73  5:22  Marine x2  
  73  5:23  Marauder  
  73  5:24  Marine x2  
  79  5:30  Supply Depot  
  79  5:31  Supply Depot  
  79  5:34  Marine  
  80  5:35  Marine  
  80  5:37  Concussive Shells  
  80  5:42  Marine x2  
  85  5:43  Marine, Marauder  
  85  5:45  Marine, Marauder  
  89  5:51  Marine  
  89  5:53  Marine  
  91  6:00  Marine x2  
  91  6:01  Marine  
  91  6:03  Marine  
  91  6:04  Supply Depot  
  95  6:05  Supply Depot  
  97  6:11  Marauder x2  
  97  6:12  Marine  
  97  6:18  Marine x3  
  102  6:19  Marine  
  102  6:21  Marine  
  105  6:29  Marine  
  108  6:33  Marauder x2  
  108  6:36  Marine x2  
  76  6:47  Marine x3  
  76  6:48  Marine  
  76  6:53  Marine  
  83  6:54  Marauder x2  
  83  6:55  Marine  
  86  7:06  Marine x3  
  92  7:15  Marauder  
  92  7:16  Marauder  
  92  7:18  Marine x3  
  93  7:24  Marine x3  
  95  7:35  Marine x2  
  95  7:36  Marine  
  98  7:37  Marauder x2  
  98  7:42  Marine x3  
Show
View Real Time Build Order
Export as new Build Order

A.I. 1 (Elite) Zerg 

Build Orders: Hatch First 

Get SALT Encoding   

  12  0:00  Drone  
  13  0:12  Overlord  
  13  0:16  Drone  
  14  0:30  Drone x2  
  14  0:34  Drone  
  17  0:55  Hatchery  
  16  0:57  Drone  
  17  1:12  Spawning Pool  
  17  1:15  Drone  
  17  1:18  Extractor  
  17  1:20  Drone  
  17  1:24  Drone  
  18  1:28  Drone  
  19  1:38  Overlord  
  19  1:49  Drone  
  20  1:59  Queen  
  20  2:00  Zergling x2  
  23  2:06  Drone  
  24  2:14  Queen  
  26  2:19  Drone  
  27  2:32  Roach Warren  
  27  2:34  Extractor  
  27  2:35  Drone  
  26  2:38  Drone  
  27  2:44  Overlord  
  27  2:47  Drone  
  28  2:51  Drone  
  28  2:54  Drone  
  28  2:57  Drone  
  31  3:01  Drone  
  31  3:04  Zergling x2  
  33  3:07  Zergling x2  
  36  3:12  Roach  
  36  3:17  Roach  
  38  3:20  Roach  
  38  3:24  Roach  
  42  3:27  Drone  
  42  3:29  Drone  
  44  3:35  Overlord  
  44  3:41  Lair  
  44  3:46  Metabolic Boost  
  44  3:53  Drone  
  44  3:54  Drone  
  46  3:56  Drone  
  46  3:58  Drone  
  46  4:00  Drone  
  46  4:02  Drone  
  50  4:05  Drone  
  51  4:10  Overlord  
  51  4:11  Drone  
  52  4:17  Evolution Chamber, Drone  
  52  4:21  Evolution Chamber  
  52  4:22  Drone  
  52  4:28  Drone x2  
  54  4:32  Drone  
  54  4:33  Drone  
  54  4:35  Drone  
  54  4:37  Drone  
  58  4:42  Infestation Pit, Drone  
  58  4:44  Zerg Missile Weapons Level 1  
  58  4:48  Zerg Ground Armor Level 1  
  58  4:51  Overlord  
  58  4:54  Overlord  
  58  4:56  Drone  
  58  4:58  Zergling x2  
  60  5:09  Extractor, Roach, Drone  
  60  5:10  Drone  
  60  5:12  Hydralisk Den, Drone  
  60  5:13  Drone  
  64  5:15  Drone  
  64  5:16  Drone  
  64  5:19  Overlord  
  66  5:22  Roach  
  66  5:24  Roach  
  66  5:26  Roach  
  66  5:28  Zergling x2  
  73  5:30  Baneling Nest  
  73  5:33  Drone  
  73  5:34  Drone  
  74  5:37  Drone  
  74  5:39  Overlord  
  75  5:44  Hydralisk x3  
  75  5:48  Hydralisk  
  83  5:55  Hydralisk, Extractor  
  84  5:57  Overlord  
  84  6:00  Hydralisk  
  86  6:10  Ravager  
  87  6:13  Roach  
  87  6:15  Baneling, Drone, Hatchery, Overlord  
  87  6:16  Baneling, Zergling x2  
  87  6:18  Drone x2  
  92  6:19  Drone  
  92  6:20  Baneling  
  92  6:22  Baneling  
  92  6:23  Zergling x2  
  92  6:25  Zergling x2  
  95  6:26  Zergling x2  
  95  6:29  Baneling  
  95  6:30  Baneling, Zergling x2  
  95  6:31  Zergling x2  
  95  6:32  Baneling  
  98  6:34  Zergling x2  
  98  6:37  Roach  
  98  6:39  Roach  
  88  6:41  Roach  
  88  6:46  Hydralisk  
  68  6:48  Hydralisk, Roach  
  68  6:52  Hydralisk  
  72  6:56  Hydralisk  
  72  7:00  Roach  
  71  7:03  Drone, Roach  
  71  7:04  Drone  
  71  7:07  Zergling x2  
  69  7:10  Zergling x2  
  69  7:15  Roach  
Tags
 
Composition
MMM Bio
League
Master
Matchup
TvZ
Spawn Locations
Cross Positions
Add a new tag
Caveats
  • Supply blocks, unpowered buildings, or Contaminate may cause inaccurate times.
  • Supply counts are checked every 10 seconds.